montu, chaotic male human Wizard + -----+----- |.. |.........| |........... #..........| .<. |..@d.....| --- #....b.....| @ |.........| #-.........| ----------- montu the Thaumaturge Experience level: 9 Strength: 11 Dexterity: 16 Constitution: 15 Intelligence: 18 Wisdom: 11 Charisma: 8 Health: 0(96) Energy: 38(77) Def: 7 Gold: 5745 Moves: 9365 Dungeon seed: _g1o_XDaabeMUcrb Game ID: montu_1680565656 Your Inventory: Coins $ - 5745 gold pieces Amulets D - an uncursed amulet of reflection (being worn) Weapons a - a blessed +1 quarterstaff (weapon in hands) g - an uncursed +0 dwarvish short sword of fire o - an uncursed +0 elven dagger H - an uncursed +0 orcish short sword of aggravate monster J - an uncursed +0 orcish dagger of aggravate monster M - 8 cursed poisoned +0 orcish arrows O - 3 uncursed poisoned +0 orcish arrows P - 13 uncursed poisoned +1 orcish arrows Armor e - an uncursed +0 cloak of magic resistance (being worn) r - an uncursed +0 pair of high boots (being worn) z - an uncursed +0 elven leather helm (being worn) N - an uncursed +0 studded leather armor (being worn) Comestibles m - an uncursed lizard corpse q - an uncursed sprig of wolfsbane Scrolls l - an uncursed scroll of scare monster p - an uncursed scroll of confuse monster x - an uncursed scroll of identify C - an uncursed scroll of blank paper Rings t - an uncursed ring of fire immunity (on right hand) W - an uncursed ring of sustain ability (on left hand) Wands K - an uncursed wand of striking (0:3) Tools b - an uncursed sack f - an uncursed oil lamp (0:0) h - an uncursed blindfold k - an uncursed towel s - an uncursed leash u - an uncursed +0 unicorn horn A - an uncursed oil lamp (lit) (0:6) I - 5 uncursed tallow candles (0:200) R - an uncursed +0 unicorn horn T - an uncursed figurine of a rothe U - an uncursed skeleton key Gems n - an uncursed topaz stone v - an uncursed worthless piece of yellowish brown glass y - 2 uncursed worthless pieces of yellow glass Y - 2 uncursed worthless pieces of red glass Contents of the sack: an uncursed scroll of blank paper an uncursed scroll of enchant armor an uncursed scroll of identify a cursed scroll of light a blessed scroll of remove curse 2 uncursed scrolls of teleportation an uncursed spellbook of blank paper an uncursed spellbook of knock an uncursed spellbook of light an uncursed spellbook of magic missile 2 uncursed potions of extra healing a cursed potion of healing a blessed potion of invisibility an uncursed potion of levitation an uncursed potion of water an uncursed wand of striking (0:5) an uncursed magic marker (0:87) an uncursed magic marker (0:40) an uncursed magic marker (0:30) Spells and supernatural/magical abilities: Name Level Category Cost Memory a - force bolt 1 attack 6pw 85% d - dig 2 matter 25pw 85% k - knock 1 matter 12pw 94% l - light 1 divination 8pw 86% m - magic missile 2 attack 12pw 85% r - remove curse 3 clerical 37pw 86% z - sleep 1 enchantment 8pw 85% W - pray for help -- divine ? -- Your skills at the end: Fighting Skills wands [Basic] Weapon Skills quarterstaff [Expert] Spellcasting Skills attack spells [Skilled] divination spells [Basic] enchantment spells [Basic] Final Attributes: You had transgressed. You were immune to fire. You were cold resistant. You were sleep resistant. You were poison resistant. You were magic resistant. You were fast. You had reflection. You had fixed abilities. You last prayed 607 turns ago. Anhur was noncommittal. You are dead. Vanquished creatures: a stalker a giant zombie a warg 3 winter wolves a small mimic 2 warhorses a quantum mechanic a shocking sphere a tiger an ettin zombie a leather golem 2 chameleons 2 crocodiles a quivering blob 2 wolves 4 winter wolf cubs 2 horses an ice vortex a gnome king an owlbear a werewolf a Green-elf a lizard 4 dogs a white unicorn a black unicorn 3 dust vortices a plains centaur a gnome mummy 2 snakes 4 soldier ants a bugbear 13 Uruk-hai an orc shaman 2 rock piercers 2 ponies a fog cloud a yellow light 3 gnome lords a gnomish wizard a guardian naga hatchling 2 gray oozes 5 elf zombies 2 baby crocodiles 6 giant ants 3 floating eyes 2 dwarves 3 kobold shamans 11 hill orcs 17 rothes 3 centipedes 3 giant bats 2 orc zombies 2 werejackals 2 iguanas 3 killer bees an acid blob a coyote 2 gas spores 4 hobbits 2 large kobolds 2 hobgoblins 9 giant rats 6 cave spiders a yellow mold 4 green molds a red mold a gnome 3 gnome zombies 6 geckos 16 jackals 3 foxes a kobold 3 goblins 7 sewer rats 2 grid bugs 5 lichens 3 kobold zombies 2 newts 227 creatures vanquished. Voluntary challenges: You had been an atheist until turn 4361. You used a wielded weapon 423 times, starting on turn 158. You read items or engraved 407 times, starting on turn 752. You never genocided any monsters. You never polymorphed an object. You changed form 1 time, starting on turn 8748. You used no wishes. You never split a pudding. You wrote Elbereth's name 379 times, starting on turn 2332. You violated your moral code, losing 219 points of alignment, starting on turn 4304. Dungeon overview: The Dungeons of Doom: levels 1 to 12 Level 1 a long staircase Level 2 a vault Level 3 a weapon shop, a vault a long staircase Level 4 a delicatessen, some fountains Level 5 a fountain Level 6 many fountains Level 7 some sinks a long staircase Level 8 a vault Level 9 some fountains, a vault Level 10 a sink Level 11 some fountains Level 12 <- You were here History has recorded: On T:1 you entered the Dungeons of Doom to retrieve the Amulet of Yendor! On T:439 you reached level 2 of The Dungeons of Doom. On T:597 you advanced to experience level 2. On T:919 you reached level 3 of The Dungeons of Doom. On T:976 you advanced to experience level 3. On T:1488 you advanced to experience level 4. On T:1547 you reached level 4 of The Dungeons of Doom. On T:2045 you reached level 5 of The Dungeons of Doom. On T:2348 you advanced to experience level 5. On T:2647 you reached level 6 of The Dungeons of Doom. On T:3326 you advanced to experience level 6. On T:3965 you reached level 7 of The Dungeons of Doom. On T:4413 you advanced to experience level 7. On T:5446 you reached level 8 of The Dungeons of Doom. On T:5818 you advanced to experience level 8. On T:6130 you reached level 9 of The Dungeons of Doom. On T:6623 you reached level 10 of The Dungeons of Doom. On T:7811 you reached level 11 of The Dungeons of Doom. On T:8469 you advanced to experience level 9. On T:8805 you reached level 12 of The Dungeons of Doom. Score breakdown: Gold: 5745 (12788 points) Experience: 9 levels (15756 points) Exploration: 12 levels ( 22.64%) (13797 points) Discoveries: 7 items ( 2.35%) ( 4597 points) Valuables value: (no points given unless you survive) Artifact value: 0 ( 0 points) Variety of kills: 79 monsters ( 20.79%) (13678 points) Turncount: 9365 turns (-2281 points) Survival: died (score multiplied by 80%) Total score: 46668 Latest messages: The wolf turns to flee! You feel like a hypocrite. The engraving beneath you fades. The magic missile hits the wolf! The magic missile hits the gelatinous cube! The magic missile bounces! The magic missile hits the gelatinous cube! The magic missile hits the gelatinous cube! The magic missile bounces! The magic missile hits the gelatinous cube! The magic missile bounces! (2x) The gelatinous cube touches you! You are frozen by the gelatinous cube! The gelatinous cube touches you! (2x) The wolf bites! The gelatinous cube touches you! You die... Final status: Goodbye montu the Wizard, killed by a gelatinous cube, while paralyzed by a monster's touch... You died in The Dungeons of Doom on dungeon level 12 with 46668 points, and 5745 pieces of gold, after 9365 moves. You were level 9 with a maximum of 96 hit points when you died.